 Dungeon Crawl Stone Soup version 0.29.1-13-g9f3cf754e1 (webtiles) character file.

Game seed: 14792423306357578116

4710 rakiston the Spear-Bearer (level 10, -4/63 HPs)
             Began as a Merfolk Ice Elementalist on Jan 27, 2023.
             Was a Believer of Vehumet.
             Slain by a vampire (9 damage)
             ... on level 8 of the Dungeon on Jan 28, 2023.
             The game lasted 01:06:44 (8598 turns).

rakiston the Spear-Bearer (MfIE)                    Turns: 8598, Time: 01:06:45

Health: -4/63      AC: 10    Str:  9      XL:     10   Next: 45%
Magic:  13/13      EV: 16    Int: 17 (18) God:    Vehumet [**....]
Gold:   354        SH:  0    Dex: 22 (24) Spells: 5/13 levels left

rFire   . . .      SeeInvis .   I - +6 trident (freeze)
rCold   . . .      Faith    .   (no shield)
rNeg    . . .      Spirit   .   a - +0 robe
rPois   .          Reflect  .   b - +0 helmet
rElec   .          Harm     .   C - +0 cloak
rCorr   .          Rampage  .   D - +1 pair of gloves {Dex+3}
Will    .....                   (no boots)
Stlth   +.........              R - amulet of regeneration
HPRegen 1.00/turn               s - +6 ring of dexterity
MPRegen 0.13/turn               w - +4 ring of protection

@: confused, about to teleport, ambrosia-drunk
A: (nimble swimmer 2), mertail, deterioration 1, sense surroundings 1, no potion
heal 1
a: Renounce Religion


You were on level 8 of the Dungeon.
You worshipped Vehumet.
Vehumet was pleased with you.
You visited 2 branches of the dungeon, and saw 9 of its levels.

You collected 496 gold pieces.
You spent 142 gold pieces at shops.

Inventory:

Hand Weapons
 r - a +0 arbalest
 F - a +0 spear
 I - a +6 trident of freezing (weapon)
Missiles
 f - 4 javelins (quivered)
 n - 10 poisoned darts
 M - a silver javelin
 P - 6 boomerangs
Armour
 a - a +0 robe (worn)
 b - a +0 helmet (worn)
 h - a +0 pair of boots
 C - a +0 cloak (worn)
 D - a +1 pair of gloves of dexterity (worn)
 N - +0 steam dragon scales
Jewellery
 e - a ring of protection from fire
 s - a +6 ring of dexterity (left hand)
 w - a +4 ring of protection (right hand)
 y - the ring "Deitosan" {*Corrode rPois Int+9 Dex-2 SInv}
   (You found it on level 4 of the Dungeon)

   [ring of poison resistance]

   Int:       It affects your intelligence (+9).
   Dex:       It affects your dexterity (-2).
   rPois:     It protects you from poison.
   SInv:      It lets you see invisible.
   *Corrode:  It may corrode you when you take damage.
 E - a ring of resist corrosion
 H - a +6 ring of dexterity
 R - an amulet of regeneration (around neck)
Wands
 B - a wand of polymorph (6)
 G - a wand of iceblast (9)
Scrolls
 i - a scroll of vulnerability
 j - 3 scrolls of blinking
 k - a scroll of immolation
 m - a scroll of butterflies
 o - a scroll of summoning
 p - a scroll of enchant weapon
 t - 3 scrolls of fear
 v - a scroll of enchant armour
 x - a scroll of acquirement
 J - a scroll of magic mapping
 Q - a scroll of amnesia {unknown}
Potions
 c - a potion of ambrosia
 d - 2 potions of lignification
 l - a potion of flight
 q - a potion of curing
 u - 2 potions of mutation
 z - 2 potions of degeneration
 A - a potion of attraction
 K - a potion of resistance


   Skills:
 + Level 12.6 Polearms
 - Level 1.0 Throwing
 + Level 6.0 Dodging
 - Level 2.1 Stealth
 - Level 2.0 Spellcasting
 - Level 5.3 Conjurations
 - Level 10.1 Ice Magic


You had 5 spell levels left.
You knew the following spells:

 Your Spells              Type           Power      Damage    Failure   Level
a - Freeze                Ice            100%       1d11      1%          1
b - Frozen Ramparts       Ice            72%        1d11      1%          3
c - Hailstorm             Conj/Ice       27%        3d7       9%          4

Your spell library contained the following spells:

 Spells                   Type           Power      Damage    Failure   Level
 Searing Ray              Conj           38%        2d5       3%          2
 Ozocubu's Armour         Ice            36%        N/A       1%          3
 Sandblast                Erth           2%         2d4       19%         1
 Stone Arrow              Conj/Erth      20%        3d8       21%         3
 Passwall                 Tmut/Erth      0%         N/A       28%         2
 Sublimation of Blood     Necr           1%         N/A       28%         2
 Wereblood                Tmut           1%         N/A       28%         2
 Call Canine Familiar     Summ           1%         N/A       50%         3
 Gell's Gravitas          Tloc           1%         N/A       50%         3
 Lesser Beckoning         Tloc           1%         N/A       50%         3
 Portal Projectile        Hex/Tloc       2%         N/A       50%         3
 Teleport Other           Tloc           1%         N/A       50%         3
 Tukima's Dance           Hex            1%         N/A       50%         3
 Freezing Cloud           Conj/Ice/Air   9%         6-21      54%         5
 Anguish                  Hex/Necr       0%         N/A       88%         4
 Animate Armour           Summ/Erth      2%         N/A       88%         4
 Cause Fear               Hex            0%         N/A       88%         4
 Leda's Liquefaction      Hex/Erth       0%         N/A       88%         4
 Passage of Golubria      Tloc           1%         N/A       88%         4
 Yara's Violent Unravell  Hex/Tmut       0%         3d3       99%         5
 Simulacrum               Ice/Necr       9%         N/A       98%         6
 Dragon Form              Tmut           0%         N/A       100%        7
 Enfeeble                 Hex            0%         N/A       100%        7
 Summon Hydra             Summ           0%         N/A       100%        7
 Lehudib's Crystal Spear  Conj/Erth      5%         10d3      100%        8
 Dragon's Call            Summ           0%         N/A       100%        9
 Polar Vortex             Ice            18%        N/A       100%        9


Dungeon Overview and Level Annotations

Branches:
Dungeon (8/15)             Temple (1/1) D:6
   Lair: D:8-11

Altars:
Ashenzari
Cheibriados
Dithmenos
Elyvilon
Fedhas
Gozag
Hepliaklqana
Kikubaaqudgha
Makhleb
Nemelex Xobeh
Okawaru
Qazlal
Ru
Sif Muna
Trog
Uskayaw
Vehumet
Wu Jian
Xom
Yredelemnul
Zin
The Shining One

Shops:
D:3 :(*   D:5 *   D:6 ((([[

Annotations:
D:2 1 runed translucent door, Crazy Yiuf
D:4 Blork the orc


Innate Abilities, Weirdness & Mutations

((You are very nimble when in or above water. (Stealth+, EV+, Speed+++)))
Your lower body shifts to a powerful aquatic tail in water.
Your body sometimes deteriorates upon taking damage.
You passively map a small area around you.
Potions are less effective at restoring your health.


Message History

Your body deteriorates!
You feel clumsy. Something bites you.
Something draws strength from your injuries!
You bump into the rock wall.
Something barely misses you. Something bites you.
Something draws strength from your injuries!
You're too confused to move!
Something hits you but does no damage. Something bites you.
Something draws strength from your injuries!
You bump into the rock wall.
Something hits you! Something barely misses you.
You hit something. You freeze something. You miss something.
You feel less confused. Something hits you but does no damage.
Something bites you!
Your body deteriorates!
You feel clumsy.
Something draws strength from your injuries!
You hit something but do no damage. Something hits you.
Something bites you but does no damage.
Your system partially rejects the healing.
You feel better. Something hits you. Something bites you!
Something draws strength from your injuries!
As you read the scroll of teleportation, it crumbles to dust.
You feel strangely unstable. Something hits you!
* * * LOW HITPOINT WARNING * * *
Your body deteriorates!
You feel dopey. Something barely misses you.
Your system partially rejects the healing.
You feel better. Something hits you.
* * * LOW HITPOINT WARNING * * *
Something bites you but does no damage.
You are confused.
Your system partially rejects the healing.
You feel invigorated. Something hits you.
* * * LOW HITPOINT WARNING * * *
Something bites you.
* * * LOW HITPOINT WARNING * * *
Something draws strength from your injuries!
You're too confused to move!
Something hits you.
* * * LOW HITPOINT WARNING * * *
Something bites you!
You die...

.......#...†........ .#
* .......####†..###.#
,..#
..................##...#
,
####...###.............#
.###..[###....##.......#
,
...'...+.#....##.###.#.#
.###...#.#....##.# , .#
###........##.# .##
#.#.##...##@# , , ..##
#.#.##...##{# , * ,
..)###.#.##.....z# , ,
.#.))..#.###..#### *
..))...#.###..# .., *
######.#......#####. * #
##.####.#....... ..
,........####..##* ###
...#..<........., ,


You could see a wight.

Vanquished Creatures
  A two-headed ogre (D:8)
  2 hornets (D:8)
  A wyvern (D:8)
  3 steam dragons
  4 water moccasins
  An ice beast (D:8)
  2 orc warriors
  A sky beast (D:7)
  2 black bears (D:6)
  2 centaurs (D:8)
  A phantom (D:5)
  A necrophage (D:5)
  2 kobold brigands
  5 bullfrogs
  2 gnoll sergeants
  A wight (D:8)
  5 howler monkeys
  2 hounds
  2 jellies
  A gnoll bouda (D:5)
  5 orc priests
  An iguana (D:6)
  7 orc wizards
  Robin (D:4)
  17 gnolls
  8 adders
  2 shadow imps (D:7)
  An ufetubus (D:7)
  7 dart slugs
  21 orcs
  2 ball pythons
  7 endoplasms
  3 giant cockroaches
  17 goblins
  11 hobgoblins
  6 jackals
  A quokka (D:3)
  2 bats
  4 frilled lizards
  14 kobolds
  6 rats
184 creatures vanquished.

Vanquished Creatures (collateral kills)
  Sigmund (D:5)
  A scorpion (D:5)
2 creatures vanquished.

Vanquished Creatures (others)
  2 fungi
  4 toadstools (D:5)
6 creatures vanquished.

Grand Total: 192 creatures vanquished

Notes
Turn   | Place    | Note
-------+----------+-------------------------------------------
     0 | D:1      | rakiston the Merfolk Ice Elementalist began the quest for
                  | the Orb.
     0 | D:1      | Reached XP level 1. HP: 13/13 MP: 3/3
   201 | D:1      | Found a faded altar of an unknown god.
   219 | D:1      | Reached XP level 2. HP: 19/19 MP: 0/5
   323 | D:1      | Reached skill level 5 in Ice Magic
   813 | D:1      | Reached XP level 3. HP: 24/24 MP: 3/6
   817 | D:1      | Learned a level 3 spell: Frozen Ramparts
  1330 | D:2      | Identified the +6 hammer of Iconoclasm {vorpal, Str+7}
  1333 | D:2      | Found a runed translucent door.
  1334 | D:2      | Noticed Crazy Yiuf
  1911 | D:2      | Reached XP level 4. HP: 28/30 MP: 2/7
  2022 | D:2      | Reached skill level 1 in Throwing
  2405 | D:3      | Found an ornate altar of the Wu Jian Council.
  2500 | D:3      | Found Zin's Purification Station.
  2501 | D:3      | Found a glowing silver altar of Zin.
  2503 | D:3      | Found Mays's Book Shop.
  2508 | D:3      | Bought a potion of curing for 90 gold pieces
  2666 | D:3      | Found a basalt altar of Yredelemnul.
  2736 | D:3      | Found a white marble altar of Elyvilon.
  2772 | D:3      | Found Paorilirch's General Store.
  2807 | D:3      | Gained mutation: Potions are less effective at restoring
                  | your health. [potion of mutation]
  2807 | D:3      | Gained mutation: Your body sometimes deteriorates upon
                  | taking damage. [potion of mutation]
  2807 | D:3      | Gained mutation: You passively map a small area around you.
                  | [potion of mutation]
  2880 | D:3      | Found Bauluste's Weapon Emporium.
  2947 | D:3      | Found a sacrificial altar of Ru.
  3164 | D:4      | Noticed Blork the orc
  3322 | D:4      | Identified the ring "Deitosan" {*Corrode rPois Int+9 Dex-2
                  | SInv}
  3351 | D:4      | Reached XP level 5. HP: 35/35 MP: 0/8
  3430 | D:4      | Noticed Robin
  3446 | D:4      | Killed Robin
  4005 | D:4      | Learned a level 4 spell: Hailstorm
  4132 | D:5      | Entered Level 5 of the Dungeon
  4154 | D:5      | Reached XP level 6. HP: 40/41 MP: 2/9
  4372 | D:5      | Noticed a water moccasin
  4392 | D:5      | Killed a water moccasin
  4393 | D:5      | Reached skill level 1 in Conjurations
  4399 | D:5      | Noticed Sigmund
  4412 | D:5      | Killed Sigmund
  4413 | D:5      | Reached XP level 7. HP: 33/46 MP: 3/10
  4440 | D:5      | Identified 2 scrolls of acquirement
  4440 | D:5      | Acquired a +1 pair of gloves of dexterity
  4509 | D:5      | Found Zomeihoi's Elemental Accessories.
  4774 | D:5      | Acquired a +5 trident of freezing
  5118 | D:6      | Noticed a steam dragon
  5124 | D:6      | Killed a steam dragon
  5125 | D:6      | Reached skill level 1 in Polearms
  5125 | D:6      | Reached skill level 10 in Ice Magic
  5125 | D:6      | Reached XP level 8. HP: 39/52 MP: 3/11
  5169 | D:6      | Reached skill level 2 in Polearms
  5281 | D:6      | Found Vuer's Firing Range.
  5289 | D:6      | Bought 6 javelins for 52 gold pieces
  5404 | D:6      | Found Mamunit's Antique Weapon Shoppe.
  5405 | D:6      | Found Qud Jiuth's Antique Weapon Shop.
  5405 | D:6      | Found Inoez's Armour Boutique.
  5405 | D:6      | Found Meadghaor's Antique Armour Shop.
  5483 | D:6      | Reached skill level 3 in Polearms
  5632 | D:6      | Found a staircase to the Ecumenical Temple.
  5648 | Temple   | Entered the Ecumenical Temple
  5768 | Temple   | Became a worshipper of Vehumet
  5927 | D:6      | Reached skill level 4 in Polearms
  6268 | D:6      | Found an opulent altar of Gozag.
  6608 | D:7      | Reached skill level 5 in Polearms
  6608 | D:7      | Reached XP level 9. HP: 52/57 MP: 1/12
  6996 | D:7      | Reached skill level 5 in Conjurations
  7126 | D:7      | Reached skill level 6 in Polearms
  7173 | D:7      | Reached skill level 7 in Polearms
  7174 | D:7      | Reached * piety under Vehumet
  7174 | D:7      | Offered knowledge of Shock by Vehumet.
  7554 | D:7      | Reached skill level 8 in Polearms
  7704 | D:7      | Found a snail-covered altar of Cheibriados.
  7732 | D:7      | Found a shimmering altar of Xom.
  7963 | D:8      | Acquired a book of Ice
  7972 | D:8      | Reached skill level 9 in Polearms
  8369 | D:8      | Noticed a hornet
  8376 | D:8      | Noticed a two-headed ogre
  8380 | D:8      | Noticed a hornet
  8380 | D:8      | Killed a hornet
  8380 | D:8      | Offered knowledge of Searing Ray by Vehumet.
  8381 | D:8      | Reached skill level 10 in Polearms
  8385 | D:8      | Reached XP level 10. HP: 55/63 MP: 6/13
  8387 | D:8      | Reached ** piety under Vehumet
  8391 | D:8      | Reached skill level 11 in Polearms
  8391 | D:8      | Reached skill level 5 in Dodging
  8391 | D:8      | Killed a two-headed ogre
  8392 | D:8      | Reached skill level 12 in Polearms
  8598 | D:8      | Slain by a vampire

Illustrated notes

Levels and vault maps discovered:
D:1:      dpeg_arrival_radiant, layout_basic, serial_glass, glass_columns_a,
          glass_columns_a, feat_on_display, item_on_display_a,
          shapermc_ecumenical_altar_acropolis
D:2:      minmay_general_purpose_star, layout_basic, grunt_ministairs_15,
          minmay_unequal, uniq_crazy_yiuf_cottage
D:3:      layout_rooms, kennysheep_ying_yang, nicolae_ru_awakened_eye,
          mainiacjoe_overflow_24_doors, zin_purify, serial_shops, shop_statue,
          nicolae_square_shop, shop_statue
D:4:      layout_basic, uniq_blork_the_orc, uniq_robin
D:5:      layout_cave_pools, minmay_gold_behind_fungi, grunt_decor_cap,
          nicolae_elemental_shop, uniq_sigmund
D:6:      layout_loops_ring, lemuel_doored_altar,
          minmay_temple_entry_butterflies, kennysheep_minor_cross,
          nicolae_wooded_promenade, nicolae_shop_firing_range
D:7:      layout_basic, mainiacjoe_overflow_two_lobes, serial_corexii_hall,
          corexii_hall_statues_i, chequers_hall_statues_corner_a,
          corexii_hall_statues_x, corexii_hall_statues_i, st_stairs_11,
          reono_crystal_passage, dreamdust_princess_corridor,
          minmay_a_box_with_orc_wizards_in_it
D:8:      layout_basic, grunt_potential
Temple:   eino_temple_lava

Skill      XL: |  1  2  3  4  5  6  7  8  9 10 |
---------------+-------------------------------+-----
Ice Magic      | 5 6 7 9 10 | 10.1
Throwing       | 1 |  1.0
Conjurations   | 1 2 4 5 |  5.3
Polearms       | 1 5 10 12 | 12.6
Dodging        | 4 6 |  6.0
Stealth        | |  2.1
Spellcasting   | |  2.0

Action                   |  1- 3 |  4- 6 |  7- 9 | 10-12 || total
-------------------------+-------+-------+-------+-------++-------
Melee: Unarmed           |     1 |       |     1 |       ||     2
       Trident           |       |       |    66 |    22 ||    88
Throw: Javelin           |     4 |    18 |    28 |    10 ||    60
 Cast: Freeze            |    56 |    70 |    78 |       ||   204
       Frozen Ramparts   |       |     5 |    20 |     4 ||    29
       Hailstorm         |       |       |     9 |     1 ||    10
Evoke: Wand              |       |       |       |     1 ||     1
  Use: Potion            |     1 |     4 |     1 |     5 ||    11
       Scroll            |     4 |     5 |    10 |     2 ||    21
Armor: Robe              |     2 |    15 |    60 |    23 ||   100
Dodge: Dodged            |    20 |    30 |   112 |    22 ||   184
